Map: Kairos Junction LE

Players

Lambo - Winner!

  • Race: Zerg Zerg
  • League: Grandmaster
  • Spawn Location: 11:00

demuLarva

  • Race: Terran Terran
  • League: Grandmaster
  • Spawn Location: 5:00

VOD

Have the link to the VOD?

Description

Time

  • Played on: Feb. 4, 2019, 2:17 p.m.
  • Length: 8:51
Show
View Real Time Build Order
Export as new Build Order

Lambo Zerg - Winner!

Build Orders: Hatch First 

Get SALT Encoding   

  12  0:00  Drone  
  13  0:12  Overlord  
  13  0:17  Drone  
  14  0:31  Drone x2  
  16  0:49  Hatchery  
  15  0:53  Drone  
  15  0:55  Drone  
  17  0:58  Drone  
  18  1:09  Extractor  
  17  1:14  Spawning Pool  
  17  1:17  Drone  
  17  1:19  Drone  
  18  1:28  Drone  
  19  1:39  Drone  
  20  1:51  Overlord  
  20  2:01  Queen x2  
  20  2:02  Zergling x4  
  26  2:11  Drone  
  26  2:12  Drone, Metabolic Boost  
  28  2:24  Drone x2  
  30  2:41  Hatchery  
  30  2:42  Queen  
  31  2:50  Drone, Overlord  
  32  2:53  Drone  
  32  2:56  Drone x2  
  35  3:08  Drone  
  36  3:14  Drone x2  
  36  3:15  Drone  
  36  3:16  Drone  
  40  3:20  Drone, Queen  
  40  3:22  Overlord  
  40  3:26  Drone  
  44  3:40  Queen  
  46  3:42  Drone  
  46  3:43  Drone x2  
  46  3:45  Zergling x6  
  52  3:53  Zergling x2  
  52  3:54  Drone x5  
  58  4:01  Overlord  
  58  4:04  Baneling Nest  
  58  4:06  Overlord  
  58  4:07  Drone  
  57  4:17  Overlord  
  57  4:19  Queen x2, Spore Crawler  
  57  4:21  Spore Crawler  
  57  4:23  Drone x2  
  61  4:25  Drone x2  
  61  4:26  Drone  
  61  4:30  Zergling x4  
  66  4:33  Drone x2  
  66  4:35  Drone x2  
  70  4:41  Drone, Lair  
  70  4:44  Drone  
  72  4:46  Drone x3  
  72  4:49  Baneling x4  
  72  4:50  Baneling x2  
  75  4:53  Spore Crawler  
  75  4:55  Drone x2  
  75  4:58  Drone x2  
  76  5:03  Drone x4  
  76  5:06  Drone x3  
  77  5:09  Zergling x2  
  77  5:10  Zergling x2  
  78  5:21  Drone x2  
  78  5:22  Drone  
  79  5:28  Extractor  
  79  5:29  Extractor  
  79  5:30  Extractor x2, Drone  
  79  5:32  Evolution Chamber, Drone x2  
  79  5:33  Evolution Chamber  
  76  5:39  Drone x2, Extractor  
  77  5:43  Zergling x2  
  77  5:48  Zergling x8  
  77  5:49  Overseer  
  82  6:01  Hydralisk Den  
  81  6:05  Overlord  
  81  6:06  Overseer  
  81  6:10  Drone  
  81  6:11  Overlord  
  82  6:15  Overlord  
  82  6:18  Baneling  
  82  6:22  Hatchery  
  82  6:23  Overlord  
  82  6:24  Overlord  
  81  6:27  Zergling x10  
  81  6:31  Zergling x4  
  81  6:32  Zergling x2  
  89  6:35  Centrifical Hooks  
  89  6:36  Muscular Augments  
  85  6:48  Hydralisk x9  
  85  6:52  Zerg Melee Weapons Level 1  
  96  6:54  Overlord  
  96  7:02  Hydralisk x3  
  102  7:09  Overlord  
  102  7:14  Hydralisk x4  
  110  7:21  Overlord x2  
  110  7:23  Hydralisk x2, Zergling x4  
  110  7:24  Zergling x4  
  118  7:35  Zergling x14  
  125  7:44  Hydralisk x2, Zergling x4  
  121  7:45  Zergling x2  
  121  7:48  Hydralisk  
  121  7:49  Zergling x4  
  128  7:52  Zergling x8  
  128  7:56  Zergling x2  
  128  7:58  Zergling x4  
  135  8:01  Overseer  
  135  8:04  Baneling x13  
  134  8:05  Zergling x4  
  134  8:06  Zergling x2  
  134  8:11  Zergling x4  
  134  8:12  Zergling x6  
  138  8:15  Zergling x4  
  138  8:18  Zergling x4  
  139  8:22  Zergling x6  
Show
View Real Time Build Order
Export as new Build Order

demuLarva Terran 

Build Orders: Reaper Expand, Hellion Banshee, Mech 

Get SALT Encoding   

  12  0:00  SCV  
  13  0:12  SCV  
  14  0:17  Supply Depot  
  14  0:25  SCV  
  15  0:38  SCV  
  15  0:40  Barracks  
  16  0:45  Refinery  
  16  0:51  SCV  
  17  1:03  SCV  
  18  1:15  SCV  
  19  1:28  Orbital Command  
  19  1:29  Reaper  
  20  1:41  Command Center  
  20  1:54  SCV  
  20  1:56  Supply Depot  
  20  2:01  Marine  
  22  2:06  SCV  
  23  2:09  Factory  
  23  2:18  SCV  
  23  2:20  Refinery  
  23  2:22  Barracks Reactor  
  24  2:30  SCV  
  25  2:43  SCV  
  26  2:54  Starport, Orbital Command  
  26  2:56  SCV  
  27  3:08  SCV  
  27  3:09  Hellion x2  
  32  3:17  Supply Depot  
  32  3:20  SCV  
  32  3:24  Barracks Tech Lab  
  32  3:25  SCV  
  34  3:32  SCV, Hellion x2  
  39  3:37  SCV  
  39  3:39  Supply Depot  
  40  3:44  SCV  
  40  3:48  Banshee, Cloaking Field  
  44  3:49  SCV  
  44  3:55  Armory  
  45  3:56  SCV, Hellion  
  45  3:59  Hellion  
  45  4:01  SCV  
  51  4:14  SCV x2  
  53  4:17  Supply Depot  
  53  4:18  Hellion  
  53  4:20  Hellion  
  57  4:26  SCV  
  57  4:27  SCV  
  57  4:31  Banshee  
  62  4:39  SCV x2, Supply Depot, Hellion  
  62  4:42  Hellion  
  62  4:44  Terran Vehicle And Ship Armor Level 1  
  68  4:51  SCV x2  
  58  5:09  Hellion  
  58  5:13  Banshee  
  59  5:16  Hellion  
  59  5:17  SCV x2  
  63  5:21  Command Center  
  63  5:22  Refinery  
  63  5:25  Refinery  
  61  5:29  SCV x2  
  61  5:31  Factory x2  
  61  5:38  Hellion x2  
  61  5:41  SCV  
  61  5:42  SCV  
  67  5:53  SCV  
  67  5:54  SCV  
  69  5:58  Supply Depot x2  
  69  6:02  Hellion x2  
  73  6:06  SCV x2, Banshee  
  78  6:19  SCV x2  
  78  6:22  Factory Tech Lab x2  
  78  6:25  Factory  
  80  6:26  Factory  
  80  6:32  SCV x2  
  80  6:38  Hellion x2  
  76  6:42  Orbital Command  
  76  6:44  Terran Vehicle Weapons Level 1  
  76  6:45  Supply Depot  
  76  6:46  Siege Tank x2  
  82  6:48  SCV x2  
  82  6:58  Supply Depot  
  82  6:59  Supply Depot  
  82  7:00  SCV x2  
  88  7:01  Infernal Pre-Igniter, Hellion x2  
  88  7:12  SCV x2, Orbital Command  
  90  7:17  Factory Tech Lab, Factory Reactor  
  90  7:19  Cyclone  
  93  7:24  SCV  
  93  7:25  SCV  
  93  7:26  Refinery  
  93  7:27  Refinery  
  95  7:33  Command Center  
  95  7:37  SCV x3  
  92  7:47  Cyclone  
  92  7:48  Cyclone  
  92  7:49  SCV x2  
  92  7:50  SCV, Hellion x2  
  105  7:59  Cyclone  
  105  8:01  SCV x2  
  105  8:02  SCV  
  105  8:03  Hellion x2  
  115  8:10  Armory  
  115  8:12  Hellion  
  117  8:13  SCV x2  
  117  8:14  SCV  
  123  8:20  Supply Depot x2  
  123  8:21  Supply Depot  
  123  8:25  SCV x2  
  123  8:26  SCV  
  110  8:37  SCV  
  110  8:38  SCV x2  
Tags
 
Add a new tag
Caveats
  • Supply blocks, unpowered buildings, or Contaminate may cause inaccurate times.
  • Supply counts are checked every 10 seconds.